[ AOE2 MATCH · #507293517 ]
UnrankedBerbers vs Huns
Player's team · WIN
Rival team · LOSS
[ REPLAY ANALYSIS · EXTRACTED FROM THE RECORDED GAME ]
Feudal
8:27
Castle
20:18
Imperial
33:30
| APM avg | 31.1 |
| APM peak | 101 |
| eAPM avg | 23.0 |
| Villagers / military | 152 / 404 |
Focus
⚔️ 39.4% · 🌾 60.6%
Scout Cavalry ×203 · Camel Archer ×62 · Skirmisher ×54 · Camel Scout ×31 · Spearman ×22 · Trebuchet (Packed) ×17
Feudal
10:33
Castle
18:24
Imperial
36:12
| APM avg | 54.5 |
| APM peak | 103 |
| eAPM avg | 39.2 |
| Villagers / military | 197 / 290 |
Focus
⚔️ 46.0% · 🌾 54.0%
Spearman ×114 · Skirmisher ×76 · Cavalry Archer ×26 · Tarkan ×19 · Battering Ram ×17 · Knight ×15
Match map
Initial resources + every placement click. Lines = walls · curves = elevation contours. ◆ gold · ⬟ stone · ● berries · ✦ relic · ◌ wall gap
Your base· ✓ Closed at 20:18 · 0t walls · 3 gate(s)
MerlinAoE's base· ✓ Closed at 18:24 · 56t walls · 6 gate(s)
Smoothed initial terrain · ◌ = detected wall gap · hover for details
Inputs per minute
— The French Noob - - MerlinAoE
Build order — The French Noob
First 150 of 577 actions detected
| 0:01 | Queue | Villager (Male) |
| 0:02 | Build | House |
| 0:03 | Build | House |
| 0:25 | Queue | Villager (Male) |
| 0:44 | Queue | Villager (Male) |
| 0:49 | Queue | Villager (Male) |
| 1:35 | Queue | Villager (Male) |
| 1:36 | Queue | Villager (Male) |
| 1:57 | Build | Lumber Camp |
| 1:58 | Queue | Villager (Male) |
| 2:14 | Queue | Villager (Male) |
| 2:14 | Queue | Villager (Male) |
| 2:47 | Queue | Villager (Male) |
| 2:47 | Queue | Villager (Male) |
| 2:58 | Queue | Villager (Male) |
| 3:19 | Build | House |
| 3:39 | Queue | Villager (Male) |
| 3:57 | Queue | Villager (Male) |
| 4:17 | Queue | Villager (Male) |
| 4:42 | Queue | Villager (Male) |
| 4:54 | Queue | Villager (Male) |
| 4:58 | Build | Mill |
| 5:07 | Research | Loom |
| 6:17 | Research | Feudal Age |
| 6:50 | Build | House |
| 7:14 | Queue | Villager (Male) |
| 7:14 | Queue | Villager (Male) |
| 7:30 | Build | Mining Camp |
| 8:27 | Age | Feudal Age |
| 8:31 | Build | Watch Tower |
| 8:35 | Research | Double-Bit Axe |
| 8:59 | Queue | Villager (Male) |
| 9:33 | Queue | Villager (Male) |
| 9:45 | Build | Blacksmith |
| 9:59 | Queue | Villager (Male) |
| 10:10 | Build | Mining Camp |
| 10:23 | Build | House |
| 10:27 | Queue | Villager (Male) |
| 10:38 | Queue | Villager (Male) |
| 11:11 | Build | Watch Tower |
| 11:14 | Queue | Villager (Male) |
| 11:24 | Research | Horse Collar |
| 11:27 | Queue | Villager (Male) |
| 11:32 | Build | House |
| 11:36 | Queue | Villager (Male) |
| 12:05 | Build | Mill |
| 12:23 | Queue | Villager (Male) |
| 12:28 | Build | Farm |
| 12:35 | Build | House |
| 12:40 | Queue | Villager (Male) |
| 12:49 | Build | Farm |
| 13:14 | Build | Watch Tower |
| 13:18 | Queue | Villager (Male) |
| 13:20 | Research | Fletching |
| 13:25 | Queue | Villager (Male) |
| 13:30 | Build | Farm |
| 13:33 | Build | Farm |
| 13:56 | Queue | Villager (Male) |
| 14:11 | Queue | Villager (Male) |
| 14:18 | Build | Farm |
| 14:30 | Queue | Villager (Male) |
| 14:31 | Build | Farm |
| 14:34 | Build | Farm |
| 14:37 | Build | House |
| 14:57 | Queue | Villager (Male) |
| 15:19 | Queue | Villager (Male) |
| 15:36 | Queue | Villager (Male) |
| 15:37 | Build | Farm |
| 15:38 | Queue | Villager (Male) |
| 15:40 | Build | Farm |
| 15:41 | Build | Farm |
| 16:35 | Build | Market |
| 16:47 | Build | Farm |
| 16:56 | Queue | Villager (Male) |
| 17:38 | Research | Castle Age |
| 17:39 | Research | Castle Age |
| 17:39 | Research | Castle Age |
| 18:58 | Build | House |
| 19:02 | Queue | Villager (Male) |
| 19:02 | Queue | Villager (Male) |
| 19:12 | Research | Gold Mining |
| 19:19 | Build | House |
| 19:51 | Build | Barracks |
| 20:00 | Queue | Villager (Male) |
| 20:18 | Age | Castle Age |
| 20:21 | Build | Town Center |
| 20:24 | Build | Town Center |
| 20:31 | Research | Bow Saw |
| 20:38 | Queue | Villager (Male) |
| 20:47 | Build | House |
| 21:16 | Build | House |
| 21:37 | Queue | Villager (Male) |
| 21:43 | Research | Wheelbarrow |
| 21:43 | Research | Wheelbarrow |
| 21:52 | Build | Siege Workshop |
| 21:53 | Queue | Villager (Male) |
| 22:00 | Queue | Villager (Male) |
| 22:04 | Queue | Villager (Male) |
| 22:11 | Build | Monastery |
| 22:16 | Queue | Villager (Male) |
| 22:19 | Build | Farm |
| 22:26 | Queue | Villager (Male) |
| 22:35 | Build | Farm |
| 22:37 | Build | Farm |
| 22:41 | Build | House |
| 22:43 | Queue | Mangonel |
| 22:43 | Queue | Mangonel |
| 22:47 | Queue | Spearman |
| 22:48 | Queue | Villager (Male) |
| 23:00 | Queue | Villager (Male) |
| 23:05 | Queue | Monk |
| 23:14 | Queue | Villager (Male) |
| 23:19 | Queue | Villager (Male) |
| 23:21 | Build | Farm |
| 23:22 | Build | Farm |
| 23:23 | Build | Farm |
| 23:25 | Build | Farm |
| 23:26 | Queue | Villager (Male) |
| 23:28 | Build | House |
| 23:32 | Queue | Mangonel |
| 23:33 | Queue | Spearman |
| 23:38 | Queue | Villager (Male) |
| 23:46 | Queue | Spearman |
| 23:56 | Queue | Villager (Male) |
| 23:58 | Build | House |
| 24:21 | Queue | Villager (Male) |
| 24:40 | Queue | Spearman |
| 24:42 | Queue | Monk |
| 24:43 | Queue | Villager (Male) |
| 24:43 | Queue | Villager (Male) |
| 24:54 | Queue | Mangonel |
| 24:56 | Build | Stable |
| 24:57 | Queue | Villager (Male) |
| 25:05 | Queue | Spearman |
| 25:05 | Queue | Villager (Male) |
| 25:10 | Queue | Villager (Male) ×5 |
| 25:11 | Build | Farm |
| 25:11 | Build | Farm |
| 25:12 | Build | Farm |
| 25:14 | Queue | Monk |
| 25:20 | Queue | Spearman |
| 25:21 | Queue | Villager (Male) |
| 25:35 | Queue | Villager (Male) |
| 25:40 | Queue | Scout Cavalry |
| 25:42 | Build | House |
| 25:46 | Queue | Villager (Male) |
| 25:52 | Queue | Spearman |
| 25:54 | Queue | Mangonel |
| 26:03 | Queue | Villager (Male) |
| 26:04 | Queue | Villager (Male) |
Build order — MerlinAoE
First 150 of 566 actions detected
| 0:01 | Queue | Villager (Male) |
| 0:01 | Queue | Villager (Male) |
| 0:14 | Queue | Villager (Male) |
| 0:14 | Queue | Villager (Male) |
| 0:14 | Queue | Villager (Male) |
| 1:15 | Queue | Villager (Male) |
| 1:34 | Queue | Villager (Male) |
| 2:06 | Build | Palisade Gate |
| 2:09 | Queue | Villager (Male) |
| 2:09 | Queue | Villager (Male) |
| 2:17 | Build | Palisade Gate |
| 2:25 | Build | Palisade Gate |
| 2:35 | Build | Palisade Wall |
| 2:40 | Build | Palisade Wall |
| 2:42 | Build | Palisade Wall |
| 2:45 | Build | Palisade Wall |
| 2:47 | Build | Palisade Wall |
| 2:50 | Build | Palisade Wall |
| 2:57 | Queue | Villager (Male) |
| 2:57 | Queue | Villager (Male) |
| 2:58 | Queue | Villager (Male) |
| 2:58 | Queue | Villager (Male) |
| 3:15 | Queue | Villager (Male) |
| 4:04 | Queue | Villager (Male) |
| 4:20 | Queue | Villager (Male) |
| 4:34 | Queue | Villager (Male) |
| 4:50 | Build | Lumber Camp |
| 5:03 | Queue | Villager (Male) |
| 5:26 | Queue | Villager (Male) |
| 5:44 | Queue | Villager (Male) |
| 5:55 | Queue | Villager (Male) |
| 6:21 | Build | Mill |
| 6:23 | Queue | Villager (Male) |
| 6:44 | Queue | Villager (Male) |
| 7:35 | Build | Farm |
| 7:37 | Build | Farm |
| 7:39 | Build | Mining Camp |
| 8:23 | Research | Feudal Age |
| 8:47 | Research | Loom |
| 8:55 | Build | Palisade Wall |
| 8:58 | Build | Palisade Wall |
| 9:13 | Build | Palisade Wall |
| 9:17 | Build | Palisade Wall |
| 9:29 | Build | Palisade Wall |
| 9:42 | Build | Mining Camp |
| 9:52 | Build | Palisade Wall |
| 9:57 | Build | Palisade Wall |
| 10:02 | Queue | Villager (Male) |
| 10:13 | Build | Palisade Wall |
| 10:21 | Build | Palisade Wall |
| 10:31 | Build | Palisade Wall |
| 10:33 | Age | Feudal Age |
| 10:35 | Build | Watch Tower |
| 10:44 | Queue | Villager (Male) |
| 10:58 | Build | Blacksmith |
| 11:25 | Queue | Villager (Male) |
| 11:34 | Build | Stone Wall |
| 11:44 | Queue | Villager (Male) |
| 11:46 | Build | Stone Wall |
| 11:55 | Build | Stone Wall |
| 12:02 | Build | Gate |
| 12:19 | Build | Watch Tower |
| 12:23 | Build | Watch Tower |
| 12:34 | Queue | Villager (Male) |
| 12:42 | Build | Market |
| 12:51 | Queue | Villager (Male) |
| 13:18 | Queue | Villager (Male) |
| 13:32 | Research | Fletching |
| 13:43 | Queue | Villager (Male) |
| 13:46 | Build | Farm |
| 13:58 | Build | Farm |
| 14:01 | Build | Farm |
| 14:20 | Queue | Villager (Male) |
| 14:37 | Build | Watch Tower |
| 14:54 | Build | Farm |
| 15:05 | Build | Farm |
| 15:44 | Research | Castle Age |
| 16:45 | Research | Double-Bit Axe |
| 16:45 | Research | Horse Collar |
| 16:46 | Research | Horse Collar |
| 17:54 | Queue | Villager (Male) |
| 18:24 | Age | Castle Age |
| 18:31 | Build | Town Center |
| 18:35 | Queue | Villager (Male) |
| 18:43 | Build | Town Center |
| 18:53 | Research | Bow Saw |
| 18:55 | Queue | Villager (Male) |
| 19:04 | Build | Farm |
| 19:09 | Build | Farm |
| 19:22 | Queue | Villager (Male) |
| 19:48 | Queue | Villager (Male) |
| 19:54 | Queue | Villager (Male) |
| 19:56 | Queue | Villager (Male) |
| 20:09 | Build | Monastery |
| 20:17 | Queue | Villager (Male) |
| 20:17 | Queue | Villager (Male) |
| 20:21 | Build | Farm |
| 20:23 | Build | Farm |
| 20:31 | Build | Farm |
| 20:46 | Queue | Villager (Male) |
| 20:47 | Queue | Villager (Male) |
| 20:48 | Build | Farm |
| 20:53 | Build | Farm |
| 20:56 | Queue | Villager (Male) |
| 20:56 | Queue | Villager (Male) |
| 21:01 | Queue | Monk |
| 21:08 | Build | Farm |
| 21:10 | Queue | Villager (Male) |
| 21:14 | Build | Farm |
| 21:20 | Queue | Villager (Male) |
| 21:23 | Build | Farm |
| 21:38 | Build | Farm |
| 21:41 | Queue | Villager (Male) |
| 21:45 | Build | Farm |
| 21:46 | Queue | Villager (Male) |
| 21:57 | Queue | Monk |
| 22:01 | Queue | Villager (Male) |
| 22:03 | Build | Farm |
| 22:09 | Queue | Villager (Male) |
| 22:15 | Queue | Villager (Male) |
| 22:19 | Build | Barracks |
| 22:26 | Build | Farm |
| 22:27 | Queue | Villager (Male) |
| 22:29 | Build | Farm |
| 22:39 | Queue | Villager (Male) |
| 22:39 | Queue | Villager (Male) |
| 22:47 | Queue | Villager (Male) |
| 22:54 | Queue | Spearman |
| 22:59 | Queue | Villager (Male) |
| 23:01 | Build | Stable |
| 23:12 | Build | Farm |
| 23:16 | Queue | Villager (Male) |
| 23:17 | Queue | Villager (Male) |
| 23:25 | Queue | Scout Cavalry |
| 23:37 | Queue | Monk |
| 23:42 | Queue | Villager (Male) |
| 23:51 | Queue | Scout Cavalry |
| 23:56 | Queue | Villager (Male) |
| 23:57 | Queue | Spearman |
| 24:06 | Build | Castle |
| 24:08 | Queue | Villager (Male) |
| 24:14 | Queue | Villager (Male) |
| 24:19 | Research | Light Cavalry (upgrade) |
| 24:20 | Queue | Villager (Male) |
| 24:27 | Queue | Villager (Male) |
| 24:33 | Build | Siege Workshop |
| 24:34 | Queue | Villager (Male) |
| 24:38 | Queue | Villager (Male) |
| 24:43 | Queue | Villager (Male) |
| 24:50 | Queue | Villager (Male) |
Match timeline
| 2:35 | MerlinAoE · wall_segment Palisade Wall x1 |
| 2:40 | MerlinAoE · wall_segment Palisade Wall x1 |
| 2:42 | MerlinAoE · wall_segment Palisade Wall x1 |
| 2:45 | MerlinAoE · wall_segment Palisade Wall x1 |
| 2:47 | MerlinAoE · wall_segment Palisade Wall x1 |
| 2:50 | MerlinAoE · wall_segment Palisade Wall x1 |
| 8:27 | The French Noob · age_up feudal |
| 8:55 | MerlinAoE · wall_segment Palisade Wall x5 |
| 8:58 | MerlinAoE · wall_segment Palisade Wall x4 |
| 9:13 | MerlinAoE · wall_segment Palisade Wall x4 |
| 9:17 | MerlinAoE · wall_segment Palisade Wall x4 |
| 9:29 | MerlinAoE · wall_segment Palisade Wall x3 |
| 9:52 | MerlinAoE · wall_segment Palisade Wall x5 |
| 9:57 | MerlinAoE · wall_segment Palisade Wall x2 |
| 10:13 | MerlinAoE · wall_segment Palisade Wall x4 |
| 10:21 | MerlinAoE · wall_segment Palisade Wall x6 |
| 10:31 | MerlinAoE · wall_segment Palisade Wall x3 |
| 10:33 | MerlinAoE · age_up feudal |
| 11:34 | MerlinAoE · wall_segment Stone Wall x2 |
| 11:46 | MerlinAoE · wall_segment Stone Wall x2 |
| 11:55 | MerlinAoE · wall_segment Stone Wall x7 |
| 18:24 | MerlinAoE · age_up castle |
| 19:51 | The French Noob · first_building Barracks |
| 20:09 | MerlinAoE · first_building Monastery |
| 20:18 | The French Noob · age_up castle |
| 21:52 | The French Noob · first_building Siege Workshop |
| 22:11 | The French Noob · first_building Monastery |
| 22:19 | MerlinAoE · first_building Barracks |
| 23:01 | MerlinAoE · first_building Stable |
| 24:06 | MerlinAoE · first_building Castle |
| 24:17 | MerlinAoE · first_market_buy 100 food |
| 24:33 | MerlinAoE · first_building Siege Workshop |
| 24:56 | The French Noob · first_building Stable |
| 31:01 | The French Noob · first_building Castle |
| 33:30 | The French Noob · age_up imperial |
| 33:36 | The French Noob · first_market_sell 100 food |
| 33:37 | The French Noob · first_market_buy 100 wood |
| 33:53 | MerlinAoE · first_building Archery Range |
| 36:12 | MerlinAoE · age_up imperial |
| 45:07 | MerlinAoE · first_market_sell 500 food |
| 46:34 | The French Noob · first_building Archery Range |
| 52:20 | MerlinAoE · resign |
[ AI ANALYSIS · 1 CREDIT ]
What really happened in this match?
Wolo.gg analyzes every decision: build order, eco, micro, common mistakes by bracket. Personalized analysis on WhatsApp or Discord in 30 seconds.
Civ guide
Berbers
Perfil
Jugador #1190575